 Dungeon Crawl Stone Soup version 0.30-a0-639-g3916f1956a (webtiles) character file.

Game seed: 1838711882640538556

698991 ragingrage the Gnoll Aeon (level 27, -5/227 HPs)
             Began as a Gnoll Brigand on Jan 16, 2023.
             Was the Champion of Cheibriados.
             Killed from afar by a Brimstone Fiend (38 damage)
             ... with damnation
             ... summoned by Asmodeus
             ... on level 7 of Gehenna.
             The game lasted 02:35:19 (82155 turns).

ragingrage the Gnoll Aeon (Gnoll Brigand)          Turns: 82155, Time: 02:35:20

Health: -5/227     AC: 34    Str: 30    XL:     27
Magic:  41/47      EV: 33    Int: 47    God:    Cheibriados [******]
Gold:   5086       SH: 19    Dex: 33    Spells: 5/66 levels left

rFire   + + +      SeeInvis .    a - +9 sacred scourge (holy)
rCold   + . .      Faith    .    n - +0 kite shield of Life {+Blink Regen+ Int+3 Stlth+}
rNeg    + + +      Spirit   .    B - +9 pearl dragon scales of Lifelessness {+Blink rElec rN+ Will++ Str-3}
rPois   +          Reflect  .    Y - -2 hat of the Alchemist {rElec rPois rF+ rC+ rN+ Will+ rMut rCorr}
rElec   +          Harm     .    g - +2 cloak {Will+}
rCorr   +          Rampage  .    y - +0 pair of gloves of Duty {Int+4}
rMut    +                        d - +0 pair of boots of Durable Leaves {Fly Int+4}
Will    +++++                    F - amulet of Vitality {RegenMP++ Regen++}
Stlth   ++++++++                 Z - ring "Unecag" {rF+ Str+6}
HPRegen 2.97/turn                h - ring of Duifiwos {rF+ rN+}
MPRegen 1.10/turn

@: brilliant, wereblooded, flying, studying 2 skills, unable to read, very slow
A: fangs 1, strong nose, distributed training, horns 1, agile 1
}: 5/15 runes: decaying, slimy, silver, abyssal, gossamer
a: Renounce Religion, Evoke Blink, Bend Time, Temporal Distortion, Slouch, Step
From Time


You were on level 7 of Gehenna.
You worshipped Cheibriados.
Cheibriados was exalted by your worship.
You visited 13 branches of the dungeon, and saw 61 of its levels.
You visited the Abyss 1 time.
You visited 1 bazaar.
You also visited: Trove, Sewer, Gauntlet and Ice Cave.

You collected 12180 gold pieces.
You spent 7094 gold pieces at shops.

Inventory:

Hand Weapons
 a - a +9 sacred scourge of holy wrath (weapon)
 b - a +9 eveningstar of freezing
Missiles
 e - 6 curare-tipped darts
 s - 4 throwing nets
 L - 7 silver javelins
Armour
 d - the +0 pair of boots of Durable Leaves (worn) {Fly Int+4}
   (You bought it in a shop on level 3 of the Elven Halls)

   Int:       It affects your intelligence (+4).
   Fly:       It grants you flight.
 g - a +2 cloak of willpower (worn)
 n - the +0 kite shield of Life (worn) {+Blink Regen+ Int+3 Stlth+}
   (You found it in a treasure trove)

   Int:       It affects your intelligence (+3).
   +Blink:    It lets you blink.
   Regen:     It increases your rate of health regeneration.
   Stlth:     It makes you more stealthy.
 y - the +0 pair of gloves of Duty (worn) {Int+4}
   (You found it on level 5 of the Lair of Beasts)

   Int:       It affects your intelligence (+4).
 B - the +9 pearl dragon scales of Lifelessness (worn) {+Blink rElec rN+ Will++ Str-3}
   (You found it on level 5 of the Pits of Slime)

   Str:       It affects your strength (-3).
   rElec:     It insulates you from electricity.
   rN:        It protects you from negative energy.
   +Blink:    It lets you blink.
   Will:      It greatly increases your willpower.
 Y - the -2 hat of the Alchemist (worn) {rElec rPois rF+ rC+ rN+ Will+ rMut rCorr}
   (You bought it in a shop on level 2 of the Orcish Mines)

   rF:        It protects you from fire.
   rC:        It protects you from cold.
   rElec:     It insulates you from electricity.
   rPois:     It protects you from poison.
   rN:        It protects you from negative energy.
   rCorr:     It protects you from acid and corrosion.
   rMut:      It protects you from mutation.
   Will:      It increases your willpower.
Jewellery
 h - the ring of Duifiwos (right hand) {rF+ rN+}
   (You found it on level 4 of the Realm of Zot)

   [ring of protection from fire]

   rF:        It protects you from fire.
   rN:        It protects you from negative energy.
 F - the amulet of Vitality (around neck) {RegenMP++ Regen++}
   (You found it on level 2 of the Depths)

   [amulet of magic regeneration]

   It increases your rate of magic regeneration.
   Regen:     It increases your rate of health regeneration.
 W - the ring "Getesku" {rC+ rCorr Int+4 SInv}
   (You bought it in a shop on level 1 of the Elven Halls)

   [ring of protection from cold]

   Int:       It affects your intelligence (+4).
   rC:        It protects you from cold.
   SInv:      It lets you see invisible.
   rCorr:     It protects you from acid and corrosion.
 Z - the ring "Unecag" (left hand) {rF+ Str+6}
   (You found it in a Gauntlet)

   [ring of strength]

   Str:       It affects your strength (+6).
   rF:        It protects you from fire.
Wands
 i - a wand of mindburst (54)
 q - a wand of digging (12)
 v - a wand of iceblast (37)
 E - a wand of light (3)
 R - a wand of paralysis (54)
Scrolls
 j - 6 scrolls of vulnerability
 k - 8 scrolls of blinking
 p - 15 scrolls of teleportation
 r - 8 scrolls of immolation
 w - 3 scrolls of fear
 A - 8 scrolls of fog
 C - 7 scrolls of poison
 H - 4 scrolls of summoning
 O - 10 scrolls of magic mapping
 Q - 6 scrolls of silence
Potions
 l - 6 potions of magic
 o - 26 potions of curing
 t - 9 potions of flight
 x - 5 potions of brilliance
 z - 4 potions of cancellation
 G - 11 potions of mutation
 I - 4 potions of invisibility
 J - 24 potions of heal wounds
 K - 9 potions of attraction
 M - 8 potions of might
 S - 7 potions of resistance
 U - 5 potions of berserk rage
 V - 5 potions of lignification
 X - 5 potions of ambrosia
Miscellaneous
 f - a lightning rod (4/4)
 u - a phial of floods
 D - a tin of tremorstones (2/2)
 N - a phantom mirror
 P - a box of beasts
 T - a condenser vane


   Skills:
 + Level 20.8 Fighting
 + Level 20.8 Short Blades
 + Level 20.4 Long Blades
 + Level 20.4 Axes
 + Level 20.4 Maces & Flails
 + Level 20.4 Polearms
 + Level 20.4 Staves
 + Level 20.4 Ranged Weapons
 + Level 20.8 Throwing
 + Level 20.4 Armour
 + Level 20.5 Dodging
 + Level 21.5 Stealth
 + Level 20.4 Shields
 + Level 20.4 Unarmed Combat
 + Level 20.4 Spellcasting
 + Level 17.4 Conjurations
 + Level 17.4 Hexes
 + Level 17.4 Summonings
 + Level 21.4 Necromancy
 + Level 17.4 Translocations
 + Level 17.4 Transmutations
 + Level 17.4 Fire Magic
 + Level 17.4 Ice Magic
 + Level 17.4 Air Magic
 + Level 17.4 Earth Magic
 + Level 17.4 Poison Magic
 + Level 22.0 Invocations
 + Level 20.4 Evocations


You had 5 spell levels left.
You knew the following spells:

 Your Spells              Type           Power      Damage    Failure   Level
a - Wereblood             Tmut           100%       N/A       0%          2
b - Spellforged Servitor  Conj/Summ      71%        N/A       1%          7
c - Infestation           Necr           77%        N/A       1%          8
d - Irradiate             Conj/Tmut      71%        3d35      1%          5
e - Lesser Beckoning      Tloc           100%       N/A       0%          2
f - Iron Shot             Conj/Erth      71%        9d13      1%          6
g - Animate Armour        Summ/Erth      100%       N/A       0%          4
h - Manifold Assault      Tloc           100%       N/A       0%          4
i - Simulacrum            Ice/Necr       74%        N/A       1%          6
j - Blink                 Tloc           100%       N/A       0%          2
k - Ignition              Fire           71%        3d19      4%          8
m - Haunt                 Necr/Summ      74%        N/A       1%          7

Your spell library contained the following spells:

 Spells                   Type           Power      Damage    Failure   Level
 Apportation              Tloc           100%       N/A       0%          1
 Beastly Appendage        Tmut           100%       N/A       0%          1
 Kiss of Death            Conj/Necr      100%       2d13      0%          1
 Magic Dart               Conj           100%       1d8       0%          1
 Slow                     Hex            100%       N/A       0%          1
 Sting                    Tmut/Pois      100%       1d8       0%          1
 Summon Small Mammal      Summ           100%       N/A       0%          1
 Cigotuvi's Dreadful Rot  Necr/Pois/Air  100%       N/A       0%          2
 Ensorcelled Hibernation  Hex/Ice        100%       N/A       0%          2
 Momentum Strike          Conj/Tloc      100%       3d10      0%          2
 Passwall                 Tmut/Erth      100%       N/A       0%          2
 Poisonous Vapours        Pois/Air       100%       N/A       0%          2
 Scorch                   Fire           100%       2d10      0%          2
 Searing Ray              Conj           100%       2d8       0%          2
 Sublimation of Blood     Necr           100%       N/A       0%          2
 Confusing Touch          Hex            100%       N/A       0%          3
 Dazzling Flash           Conj/Hex       100%       N/A       0%          3
 Frozen Ramparts          Ice            100%       1d16      0%          3
 Gell's Gravitas          Tloc           100%       N/A       0%          3
 Hailstorm                Conj/Ice       100%       3d20      0%          3
 Ignite Poison            Fire/Tmut/Pois 100%       N/A       0%          3
 Inner Flame              Hex/Fire       100%       N/A       0%          3
 Kindle Blastsparks       Fire/Tloc/Air  100%       2d18      0%          3
 Mephitic Cloud           Conj/Pois/Air  100%       N/A       0%          3
 Ozocubu's Armour         Ice            100%       N/A       0%          3
 Spider Form              Tmut/Pois      100%       N/A       0%          3
 Stone Arrow              Conj/Erth      100%       3d13      0%          3
 Summon Guardian Golem    Hex/Summ       100%       N/A       0%          3
 Swiftness                Air            100%       N/A       0%          3
 Teleport Other           Tloc           100%       N/A       0%          3
 Vampiric Draining        Necr           100%       2d13      0%          3
 Anguish                  Hex/Necr       74%        N/A       0%          4
 Animate Dead             Necr           100%       N/A       0%          4
 Cause Fear               Hex            71%        N/A       0%          4
 Dispel Undead            Necr           100%       3d31      0%          4
 Fulminant Prism          Conj/Hex       71%        3d29      0%          4
 Ice Form                 Ice/Tmut       100%       N/A       0%          4
 Olgreb's Toxic Radiance  Pois           100%       N/A       0%          4
 Petrify                  Tmut/Erth      100%       N/A       0%          4
 Sticky Flame             Conj/Fire      100%       2d11      0%          4
 Summon Ice Beast         Ice/Summ       100%       N/A       0%          4
 Summon Lightning Spire   Summ/Air       100%       N/A       0%          4
 Agony                    Necr           100%       N/A       0%          5
 Alistair's Intoxication  Tmut/Pois      95%        N/A       1%          5
 Blade Hands              Tmut           71%        N/A       1%          5
 Freezing Cloud           Conj/Ice/Air   71%        6-21      1%          5
 Iskenderun's Battlesphe  Conj           100%       2d15      1%          5
 Silence                  Hex/Air        71%        N/A       1%          5
 Yara's Violent Unravell  Hex/Tmut       71%        3d26      1%          5
 Dispersal                Tloc           71%        N/A       1%          6
 Dragon Form              Tmut           71%        N/A       1%          7
 Malign Gateway           Summ/Tloc      71%        N/A       1%          7
 Orb of Destruction       Conj           71%        9d16      1%          7
 Ozocubu's Refrigeration  Ice            71%        4d23      1%          7
 Storm Form               Tmut/Air       71%        N/A       1%          7
 Discord                  Hex            71%        N/A       4%          8
 Disjunction              Tloc           71%        N/A       4%          8
 Lehudib's Crystal Spear  Conj/Erth      71%        10d16     4%          8
 Summon Horrible Things   Summ           71%        N/A       4%          8
 Death's Door             Necr           77%        N/A       13%         9
 Polar Vortex             Ice            71%        N/A       56%         9


Dungeon Overview and Level Annotations

Branches:
Dungeon (15/15)            Temple (1/1) D:6            Lair (5/5) D:10
  Swamp (4/4) Lair:2       Spider (4/4) Lair:3        Slime (5/5) Lair:4
    Orc (2/2) D:11            Elf (3/3) Orc:2        Vaults (5/5) D:14
  Crypt (0/3) Vaults:3     Depths (4/4) D:15           Hell (visited)
    Dis (0/7) Hell            Geh (7/7) Hell            Coc (0/7) Hell
    Tar (0/7) Hell            Zot (5/5) Depths:4      Sewer (visited)
  IceCv (visited)         Gauntlet (visited)

Altars:
Cheibriados
Dithmenos
Elyvilon
Fedhas
Gozag
Hepliaklqana
Makhleb
Nemelex Xobeh
Okawaru
Qazlal
Sif Muna
Trog
Vehumet
Wu Jian
Xom
Yredelemnul
Jiyva

Shops:
D:2 !   Orc:2 ![(   Elf:1 [=:=   Elf:2 *   Elf:3 [   Depths:1 :   Depths:2 *
Depths:3 ![((

Portals:
Hell: Depths:1 Depths:2 Depths:3 Depths:4
Abyss: Depths:1 Depths:3
Pandemonium: Depths:1 Depths:2 Depths:4
Ziggurat: Depths:2

Annotations:
D:4 Blork the orc
D:6 2 transporters, baller8008's ghost, novice DEIE
D:8 exclusion: two-headed ogre
D:9 exclusions: deep elf pyromancer and simulacrum
D:13 exclusions: death knight and freezing wraith
Elf:2 3 runed translucent doors
Geh:7 Asmodeus
Zot:4 1 runed translucent door, Ythaheof's ghost, legendary NaWr


Innate Abilities, Weirdness & Mutations

You have very sharp teeth.
Your uncanny sense of smell can sniff out nearby items.
Your experience applies equally to all skills.
You have a pair of small horns on your head.
You are agile. (Dex +4, Str/Int -1)


Message History

The Brimstone Fiend completely resists.
You feel much better.
You are engulfed in blazing flames.
You resist.
* * * LOW HITPOINT WARNING * * *
Your spellforged servitor gestures at Asmodeus while chanting.
The iron shot hits Asmodeus!!!
You block the Brimstone Fiend's attack. The Brimstone Fiend misses you. x2
The Brimstone Fiend gestures at you.
The sphere of damnation explodes!
The damnation engulfs you!
* * * LOW HITPOINT WARNING * * *
The damnation engulfs the Brimstone Fiend.
The Brimstone Fiend completely resists.
The damnation engulfs the Brimstone Fiend.
The Brimstone Fiend completely resists.
The damnation engulfs Asmodeus.
Asmodeus completely resists.
The damnation engulfs the Brimstone Fiend.
The Brimstone Fiend completely resists.
You feel much better.
You are engulfed in blazing flames.
You resist.
Asmodeus hits your spellforged servitor with the +7 sceptre of Asmodeus!!
The Brimstone Fiend hits you!
* * * LOW HITPOINT WARNING * * *
The Brimstone Fiend closely misses you.
The Brimstone Fiend hits you but does no damage.
You block the Brimstone Fiend's attack. x2
The Brimstone Fiend completely misses you.
The Brimstone Fiend hits you but does no damage.
The Brimstone Fiend completely misses you.
You block the Brimstone Fiend's attack.
Activating: Slouch (0% risk of failure)
Press: ? - help, Dir - look around, f - activate Really Slouch near your spellforged servitor?
You can feel time thicken for a moment.
You kill the hellion!
The hellion disappears in a puff of smoke!
You destroy your spellforged servitor!
Your spellforged servitor disappears in a puff of smoke!
You are engulfed in blazing flames.
You resist.
* * * LOW HITPOINT WARNING * * *
The Brimstone Fiend gestures at you.
The sphere of damnation explodes!
The damnation engulfs you!!!
You die...

#......#.#############'#.§≈≈...§§
#......#..'............#.≈≈...≈≈≈
#########'##############.....≈§§§
.......##..........##........§≈≈≈
§......###.........##.....§§§≈≈≈≈
§.......##......[..##....§§§§§≈≈≈
≈§≈≈....########§####..≈§≈≈§≈§§§§
≈≈≈≈§...########&####..§≈§§≈≈§≈§≈
≈§≈§≈§≈..##....1@##...≈≈≈§≈≈≈≈≈≈≈
≈≈≈§≈≈...##φ...11##...§≈§§≈≈≈≈§≈.
≈≈§§§§...##.....§##..§.≈≈≈§≈≈≈≈≈.
≈§§§≈§§..##########.§.≈≈≈≈≈≈§§≈..
≈§≈≈≈§≈≈.##########.§§≈≈≈§≈≈§≈≈..
≈≈§≈§§≈≈......^.....§§≈≈≈≈≈≈§....
≈≈≈§≈≈≈≈≈≈.......≈≈≈≈§≈≈≈≈.§.....
≈§§≈§≈≈≈≈≈≈..§)≈≈≈≈≈≈≈..........#
.≈§§≈≈≈§≈≈≈≈≈≈≈§§≈...............


You could see Asmodeus (clouds, unaware, ally target), 3 Brimstone Fiends and a
friendly animated pearl dragon scales (summoned).

Vanquished Creatures
  the Royal Jelly (Slime:5)
  the Serpent of Hell (Geh:7)
  8 dread liches
  Mara (Depths:3)
  4 orbs of fire
  4 ancient liches
  Boris (Vaults:4)
  Sojobo (Depths:3)
  3 Killer Klowns (Zot:5)
  Bai Suzhen (Swamp:3)
  Saint Roka (Depths:3)
  4 curse toes
  11 golden dragons
  Geryon (Hell)
  Nikola (Spider:2)
  9 Brimstone Fiends
  5 electric golems
  9 hellephants
  Jorgrun (Elf:1)
  10 tentacled monstrosities
  4 deep elf blademasters (Elf:3)
  25 searing wretches
  4 liches
  16 Orb Guardians (Zot:5)
  8 titans (Vaults:5)
  A walking frostbound tome (Depths:4)
  Asterion (Elf:2)
  6 quicksilver dragons
  10 acid blobs
  An ancient champion (Hell)
  Frances (D:14)
  9 death cobs
  2 tentacled starspawn (Abyss:4)
  9 sphinxes
  Kirke (Swamp:1)
  12 storm dragons
  10 tengu reavers
  8 shadow dragons
  5 draconian monks
  7 rockslimes
  5 azure jellies
  6 draconian knights
  Donald (Elf:2)
  12 fire giants
  An azure jelly (shapeshifter) (Vaults:5)
  A fenstrider witch (Swamp:3)
  4 deep elf sorcerers (Elf:3)
  2 iron dragons
  9 emperor scorpions
  7 draconian scorchers
  14 vault wardens
  6 frost giants
  17 balrugs
  5 ghost moths
  19 draconian stormcallers
  2 spectral caustic shrikes (Depths:3)
  4 deep elf elementalists (Elf:3)
  10 draconian shifters
  An angel (Depths:2)
  A ghoul (Vaults:3)
  2 reapers (Hell)
  5 cacodemons
  2 orc warlords
  6 draconian annihilators
  A war gargoyle (Vaults:5)
  3 broodmothers
  26 very ugly things
  5 vampire knights
  16 stone giants
  9 ironbound preservers
  Nessos (D:12)
  6 ironbound thunderhulks
  8 quicksilver oozes
  4 deep elf demonologists (Elf:3)
  An eleionoma (Swamp:1)
  3 lorocyprocas
  5 green draconians
  A caustic shrike skeleton (Hell)
  3 putrid mouths (Hell)
  6 black draconians
  4 spark wasps
  11 purple draconians
  2 bunyips
  A halazid warlock (Hell)
  7 red draconians
  12 white draconians
  A minotaur (Gauntlet)
  7 deep elf annihilators
  4 yellow draconians
  20 dire elephants
  An iron golem (Hell)
  A blizzard demon (Depths:4)
  4 deep elf death magi (Elf:3)
  2 eidola
  7 entropy weavers
  9 fire dragons
  7 yaktaur captains
  15 ettins
  5 deep elf high priests
  A shambling mangrove (Swamp:4)
  A spriggan zombie (Hell)
  Fannar (Lair:1)
  3 peacekeepers
  2 hell beasts
  11 great orbs of eyes
  31 vault guards
  16 hydras
  2 ogre magi
  Josephine (D:15)
  3 salamander tyrants
  4 spriggan air magi
  3 catoblepae
  3 rakshasas
  14 ice dragons
  5 alligators
  12 centaur warriors
  2 jorogumos (Spider:2)
  11 boulder beetles
  5 ironbound frosthearts
  8 two-headed ogres
  6 stokers
  15 dancing weapons
  A ghost crab (Swamp:2)
  Erica (Lair:2)
  2 radroaches
  6 deep troll shamans
  4 deep troll earth magi
  2 vampire magi
  A naga warrior (Abyss:4)
  4 tengu warriors
  19 hell hogs
  8 thrashing horrors
  6 death yaks (Lair:5)
  4 spriggan berserkers
  13 deep elf knights
  A death scarab (Spider:4)
  5 orc high priests (Orc:2)
  9 hell knights
  6 soul eaters
  2 shadow wraiths
  3 sun demons
  A skeletal warrior (D:14)
  35 deep trolls
  3 sixfirhies
  2 wretched stars (Abyss:4)
  6 iron trolls
  A sun moth (Spider:2)
  3 goliath frogs
  6 spriggan druids
  A swamp dragon (shapeshifter) (Vaults:5)
  7 pharaoh ants
  4 bog bodies
  4 glowing orange brains
  9 orb spiders
  A shadow demon (Hell)
  3 flayed ghosts
  5 swamp dragons
  2 phantasmal warriors (Vaults:5)
  13 lindwurms
  11 deep elf archers
  17 ironbound convokers
  13 orc knights
  2 harpies
  15 necromancers
  10 wizards
  10 steelbarb worms
  A lindwurm (shapeshifter) (Vaults:3)
  32 deep elf zephyrmancers
  2 wolf spider zombies
  A sphinx zombie (Vaults:2)
  2 manticores
  A stone giant zombie (Vaults:2)
  3 orc sorcerers
  2 shining eyes
  25 deep elf pyromancers
  39 ugly things
  A salamander (Depths:3)
  24 moths of wrath
  9 cyclopes
  A tengu skeleton (Vaults:3)
  19 wolf spiders
  7 will-o-the-wisps
  A naga zombie (Hell)
  Joseph (D:8)
  13 elephants
  A guardian serpent (Abyss:4)
  2 ice statues (IceCv)
  A dire elephant zombie (Hell)
  6 black mambas
  A torpor snail (Lair:5)
  An elf zombie (Vaults:4)
  A rust devil (Hell)
  6 demonic crawlers
  5 smoke demons
  6 centaur zombies (D:13)
  An elf skeleton (Vaults:4)
  16 vault sentinels
  5 orange demons
  4 molten gargoyles (Hell)
  A gargoyle (D:11)
  Maggie (D:10)
  A naga mage (Abyss:4)
  5 hellions
  6 large abominations
  7 cane toads
  4 centaur skeletons
  3 eyes of devastation
  2 unseen horrors
  A freezing wraith (Vaults:3)
  4 anaconda simulacra (IceCv)
  31 yaktaurs
  8 tormentors
  13 komodo dragons
  A tengu conjurer (D:15)
  A yaktaur (shapeshifter) (D:14)
  An efreet (D:13)
  A kobold demonologist (D:11)
  2 human zombies
  3 rime drakes
  7 ice devils
  5 ancient zymes
  A queen bee (Abyss:4)
  4 trolls
  Grinder (D:3)
  10 hornets
  4 polar bears
  8 meliai
  A wolf spider simulacrum (D:15)
  6 starcursed masses
  A troll (shapeshifter) (D:13)
  2 raiju
  A merfolk (shapeshifter) (Depths:4)
  25 tarantellas
  Prince Ribbit (D:9)
  3 tyrant leeches
  3 meliai zombies (D:13)
  25 blink frogs
  A raiju (shapeshifter) (Abyss:4)
  A stone giant simulacrum (Vaults:3)
  Sigmund (D:2)
  9 flying skulls
  5 shadows (D:13)
  A culicivora (shapeshifter) (Abyss:3)
  2 dire elephant simulacra (IceCv)
  8 spriggans
  72 slime creatures
  24 jumping spiders
  3 air elementals (Elf:1)
  27 culicivoras
  An ettin skeleton (Abyss:3)
  21 yaks
  8 water elementals
  5 wyverns
  2 vampires
  9 wraiths
  6 fire elementals
  A steam dragon (D:10)
  6 basilisks
  A hog (Swamp:1)
  A human (D:14)
  A chaos spawn (Abyss:3)
  61 redbacks
  21 vampire mosquitoes
  19 swamp worms
  A naga (Abyss:4)
  5 wargs
  3 harpy simulacra (IceCv)
  2 hell hounds (Abyss:4)
  A hydra simulacrum (IceCv)
  An ogre skeleton (Vaults:4)
  A nameless horror (Zot:5)
  A floating eye (shapeshifter) (Vaults:5)
  3 floating eyes
  16 water moccasins
  5 swamp drakes
  32 orc warriors
  A glowing shapeshifter skeleton (Vaults:4)
  4 black bears
  An ice beast (D:6)
  10 wolves
  10 ogres
  4 boggarts (D:14)
  15 centaurs
  A human skeleton (Vaults:2)
  2 phantoms
  A kobold brigand (D:10)
  12 bullfrogs
  A cane toad simulacrum (Lair:4)
  A bullfrog (shapeshifter) (D:14)
  2 necrophages (D:7)
  A scorpion (D:3)
  8 earth elementals
  7 wights
  8 killer bees
  An elephant simulacrum (Lair:4)
  2 howler monkeys (D:6)
  15 electric eels
  A hound (D:6)
  29 orc priests
  A gnoll bouda (D:4)
  6 iguanas
  A boggart zombie (D:13)
  29 orc wizards
  A polar bear simulacrum (Lair:4)
  2 troll simulacra (IceCv)
  A small abomination (Abyss:3)
  3 wolf simulacra
  13 gnolls
  15 adders
  3 river rats (D:5)
  2 ufetubi
  8 worms
  3 dart slugs (D:1)
  68 orcs
  11 ball pythons
  11 endoplasms
  11 giant cockroaches
  4 hobgoblins
  4 jackals
  9 quokkas
  4 bats
  12 frilled lizards
  9 goblins
  6 kobolds
  8 rats
  6 creeping infernos
  21 fire vortices
  A starspawn tentacle (Abyss:4)
2260 creatures vanquished.

Vanquished Creatures (collateral kills)
  3 ancient liches
  A dread lich (Zot:4)
  the Lernaean hydra (Swamp:4)
  A Killer Klown (Zot:5)
  A golden dragon (Zot:5)
  A hellephant (Geh:6)
  2 Brimstone Fiends
  A lich (Vaults:5)
  12 tentacled monstrosities
  9 Orb Guardians (Zot:5)
  A sphinx (Vaults:5)
  6 quicksilver dragons
  A titan (Vaults:5)
  A searing wretch (Geh:6)
  2 acid blobs (Slime:5)
  2 death cobs
  5 shadow dragons
  2 tengu reavers (Vaults:5)
  2 storm dragons
  2 draconian monks
  A rockslime (shapeshifter) (Vaults:5)
  3 fire giants
  A draconian knight (Zot:5)
  3 azure jellies (Slime:5)
  3 vault wardens (Vaults:5)
  2 frost giants (Depths:3)
  3 balrugs
  A draconian scorcher (Zot:5)
  An iron dragon (Vaults:5)
  A draconian stormcaller (Zot:5)
  A deep elf elementalist (Abyss:4)
  2 stone giants
  2 quicksilver oozes (Slime:5)
  5 ironbound preservers
  A draconian annihilator (Zot:1)
  A reaper (Hell)
  2 war gargoyles (Vaults:5)
  9 very ugly things
  3 eleionomae
  4 green draconians
  3 black draconians
  4 yellow draconians
  2 deep elf demonologists (Vaults:5)
  4 red draconians
  A deep elf annihilator (Vaults:5)
  A white draconian (Zot:1)
  A spark wasp (Depths:2)
  4 ettins
  A purple draconian (Zot:1)
  A blizzard demon (Hell)
  An eidolon (Abyss:4)
  2 fire dragons
  An iron golem (Hell)
  A shambling mangrove (Swamp:3)
  4 vault guards (Vaults:5)
  4 yaktaur captains (Vaults:5)
  An ice dragon (Depths:4)
  2 ghost crabs
  A spriggan air mage (Swamp:4)
  6 hydras
  2 stokers
  An alligator (Swamp:3)
  5 hell hogs
  An ironbound frostheart (Vaults:5)
  A deep troll shaman (Vaults:5)
  2 deep troll earth magi
  A soul eater (Hell)
  A spriggan berserker (Swamp:4)
  A deep elf knight (Vaults:5)
  2 hell knights
  A wretched star (Abyss:4)
  A goliath frog (Swamp:3)
  5 swamp dragons (Swamp:4)
  A spriggan druid (Swamp:2)
  A bog body (Swamp:4)
  7 deep trolls
  3 ironbound convokers
  A phantasmal warrior (Vaults:5)
  A necromancer (Vaults:5)
  2 deep elf archers (Vaults:5)
  An orc knight (Vaults:5)
  7 large abominations (Abyss:4)
  A shining eye (Slime:5)
  2 ugly things
  An orc sorcerer (Vaults:5)
  2 will-o-the-wisps
  2 deep elf pyromancers (Vaults:5)
  2 moths of wrath (Zot:5)
  A vault sentinel (Vaults:5)
  A molten gargoyle (Hell)
  2 smoke demons
  A torpor snail (shapeshifter) (Vaults:5)
  10 yaktaurs
  A tormentor (Geh:1)
  2 freezing wraiths (Vaults:5)
  An ice devil (Hell)
  4 hornets
  4 tyrant leeches
  2 slime creatures (Slime:3)
  A shadow (Abyss:4)
  5 spriggans
  A fire bat (Abyss:4)
  6 vampire mosquitoes
  2 chaos spawn (Abyss:4)
  2 small abominations (Abyss:4)
  5 swamp worms
  A spatial vortex (Abyss:4)
  2 hell hounds (Abyss:4)
  3 orc warriors
  5 swamp drakes
  An ogre (Vaults:5)
  An orc (Vaults:5)
  4 fire vortices
276 creatures vanquished.

Vanquished Creatures (others)
  3 fire giants
  A wizard (Vaults:4)
  A deep elf zephyrmancer (Elf:1)
  A black mamba (shapeshifter) (Elf:1)
  A bloated husk (Swamp:2)
  A human (Swamp:1)
  3 bushes
  A fire vortex (Geh:5)
  41 foxfires
  28 fungi
  A lurking horror (Abyss:3)
  97 plants
  5 starspawn tentacles (Abyss:4)
184 creatures vanquished.

Grand Total: 2720 creatures vanquished

Notes
Turn   | Place    | Note
-------+----------+-------------------------------------------
     0 | D:1      | ragingrage the Gnoll Brigand began the quest for the Orb.
     0 | D:1      | Reached XP level 1. HP: 20/20 MP: 1/1
   197 | D:1      | Reached XP level 2. HP: 12/26 MP: 2/2
   453 | D:1      | Reached XP level 3. HP: 29/31 MP: 3/3
   709 | D:2      | Learned a level 2 spell: Poisonous Vapours
   818 | D:2      | Identified the +1 chain mail of Lifelessness {Dex+4 Slay+3}
   855 | D:2      | Reached skill level 1 in Invocations
   897 | D:2      | Found Nupeab's Distillery.
   900 | D:2      | Bought a potion of lignification for 39 gold pieces
   900 | D:2      | Bought a potion of curing for 39 gold pieces
  1140 | D:2      | Noticed Sigmund
  1159 | D:2      | Killed Sigmund
  1160 | D:2      | Reached skill level 1 in Long Blades
  1160 | D:2      | Reached skill level 1 in Axes
  1160 | D:2      | Reached skill level 1 in Maces & Flails
  1160 | D:2      | Reached skill level 1 in Polearms
  1160 | D:2      | Reached skill level 1 in Staves
  1160 | D:2      | Reached skill level 1 in Ranged Weapons
  1160 | D:2      | Reached skill level 1 in Armour
  1160 | D:2      | Reached skill level 1 in Shields
  1160 | D:2      | Reached skill level 1 in Unarmed Combat
  1160 | D:2      | Reached skill level 1 in Spellcasting
  1160 | D:2      | Reached skill level 1 in Conjurations
  1160 | D:2      | Reached skill level 1 in Hexes
  1160 | D:2      | Reached skill level 1 in Summonings
  1160 | D:2      | Reached skill level 1 in Necromancy
  1160 | D:2      | Reached skill level 1 in Translocations
  1160 | D:2      | Reached skill level 1 in Transmutations
  1160 | D:2      | Reached skill level 1 in Fire Magic
  1160 | D:2      | Reached skill level 1 in Ice Magic
  1160 | D:2      | Reached skill level 1 in Air Magic
  1160 | D:2      | Reached skill level 1 in Earth Magic
  1160 | D:2      | Reached skill level 1 in Poison Magic
  1160 | D:2      | Reached skill level 2 in Invocations
  1160 | D:2      | Reached skill level 1 in Evocations
  1160 | D:2      | Reached XP level 4. HP: 32/38 MP: 4/6
  1160 | D:2      | Reached XP level 5. HP: 36/43 MP: 4/7
  1474 | D:3      | Found a faded altar of an unknown god.
  1511 | D:3      | Reached XP level 6. HP: 34/50 MP: 8/8
  1617 | D:3      | Noticed Grinder
  2065 | D:3      | Killed Grinder
  2066 | D:3      | Reached skill level 5 in Fighting
  2066 | D:3      | Reached skill level 5 in Short Blades
  2066 | D:3      | Reached skill level 5 in Throwing
  2066 | D:3      | Reached XP level 7. HP: 56/56 MP: 8/10
  2279 | D:4      | Noticed Blork the orc
  2336 | D:3      | Reached skill level 3 in Invocations
  3383 | D:5      | Entered Level 5 of the Dungeon
  3430 | D:5      | Reached XP level 8. HP: 56/63 MP: 8/12
  3599 | D:5      | Found a glowing drain.
  3626 | Sewer    | Entered a sewer
  4948 | D:5      | Reached skill level 4 in Invocations
  5243 | D:5      | Identified the ring "Damuodota" {rF+ Will+ rCorr Int+3
                  | Dex+2}
  5786 | D:6      | Found a staircase to the Ecumenical Temple.
  5798 | Temple   | Entered the Ecumenical Temple
  5835 | Temple   | Became a worshipper of Cheibriados the Contemplative
  6067 | D:6      | Reached XP level 9. HP: 67/69 MP: 14/14
  6069 | D:6      | Learned a level 1 spell: Kiss of Death
  6141 | D:6      | Reached skill level 5 in Dodging
  6430 | D:6      | Reached * piety under Cheibriados
  6646 | D:6      | Found a transporter.
  6648 | D:6      | Found a transporter.
  6682 | D:6      | Identified the +5 scale mail of Amorality {Contam Rampage
                  | Int+8 Dex-4}
  6685 | D:6      | Identified the ring of the Failed Coup {Will+ Slay+2 SInv}
  7142 | D:6      | Found a shadowy altar of Dithmenos.
  7210 | D:6      | Noticed baller8008's ghost (novice DEIE)
  8049 | D:7      | Reached skill level 5 in Invocations
  9063 | D:8      | Learned a level 3 spell: Frozen Ramparts
  9663 | D:8      | Noticed Joseph
  9696 | D:8      | Killed Joseph
  9697 | D:8      | Reached skill level 5 in Long Blades
  9697 | D:8      | Reached skill level 5 in Axes
  9697 | D:8      | Reached skill level 5 in Maces & Flails
  9697 | D:8      | Reached skill level 5 in Polearms
  9697 | D:8      | Reached skill level 5 in Staves
  9697 | D:8      | Reached skill level 5 in Ranged Weapons
  9697 | D:8      | Reached skill level 5 in Armour
  9697 | D:8      | Reached skill level 5 in Shields
  9697 | D:8      | Reached skill level 5 in Unarmed Combat
  9697 | D:8      | Reached skill level 5 in Spellcasting
  9697 | D:8      | Reached skill level 5 in Evocations
  9697 | D:8      | Reached XP level 10. HP: 33/73 MP: 7/17
  9856 | D:8      | Noticed a two-headed ogre
 10274 | D:9      | Noticed Prince Ribbit
 10284 | D:9      | Killed Prince Ribbit
 11987 | D:9      | Reached skill level 6 in Invocations
 12082 | D:9      | Reached ** piety under Cheibriados
 12446 | D:9      | Noticed a deep elf pyromancer
 12578 | D:10     | Entered Level 10 of the Dungeon
 12767 | D:10     | Noticed Maggie
 12773 | D:10     | Killed Maggie
 13499 | D:10     | Learned a level 3 spell: Mephitic Cloud
 13517 | D:10     | Reached *** piety under Cheibriados
 13527 | D:10     | Reached skill level 5 in Conjurations
 13527 | D:10     | Reached skill level 5 in Hexes
 13527 | D:10     | Reached skill level 5 in Summonings
 13527 | D:10     | Reached skill level 5 in Necromancy
 13527 | D:10     | Reached skill level 5 in Translocations
 13527 | D:10     | Reached skill level 5 in Transmutations
 13527 | D:10     | Reached skill level 5 in Fire Magic
 13527 | D:10     | Reached skill level 5 in Ice Magic
 13527 | D:10     | Reached skill level 5 in Air Magic
 13527 | D:10     | Reached skill level 5 in Earth Magic
 13527 | D:10     | Reached skill level 5 in Poison Magic
 13728 | D:10     | Reached XP level 11. HP: 85/85 MP: 20/20
 13797 | D:10     | Reached skill level 10 in Stealth
 14122 | D:10     | Found a staircase to the Lair.
 15150 | D:11     | Noticed a two-headed ogre
 15161 | D:11     | Killed a two-headed ogre
 15601 | D:11     | Noticed a cyclops
 15653 | D:11     | Killed a cyclops
 15654 | D:11     | Reached skill level 7 in Invocations
 16464 | D:11     | Noticed a cyclops
 16763 | Lair:1   | Entered Level 1 of the Lair of Beasts
 17003 | Lair:1   | Noticed Fannar
 17322 | Lair:1   | Reached **** piety under Cheibriados
 17539 | Lair:1   | Killed Fannar
 18156 | Lair:1   | Identified a scroll of acquirement
 18158 | Lair:1   | Acquired the +0 pair of gloves of the Saviour {Int+2}
 18361 | Lair:1   | Reached XP level 12. HP: 94/94 MP: 17/22
 18971 | Lair:2   | Found a staircase to the Swamp.
 18996 | Lair:2   | Reached skill level 8 in Invocations
 19123 | Lair:2   | Found a gate leading to a gauntlet.
 19146 | Gauntlet | Entered a Gauntlet
 19146 | Gauntlet | Found a transporter.
 19240 | Gauntlet | Found a transporter.
 19277 | Gauntlet | Found a transporter.
 19290 | Gauntlet | Found a transporter.
 19291 | Gauntlet | Found a transporter.
 19299 | Gauntlet | Found a transporter.
 19314 | Gauntlet | Found a transporter.
 19325 | Gauntlet | Found a transporter.
 19326 | Gauntlet | Noticed a seven-headed hydra
 19338 | Gauntlet | Found a transporter.
 19339 | Gauntlet | Noticed a quicksilver ooze
 19346 | Gauntlet | Found a runed translucent door.
 19346 | Gauntlet | Found a runed translucent door.
 19352 | Gauntlet | Found a transporter.
 19367 | Gauntlet | Found a transporter.
 19367 | Gauntlet | Found a transporter.
 19409 | Gauntlet | Found a transporter.
 19423 | Gauntlet | Found a transporter.
 19449 | Gauntlet | Noticed a broodmother
 19458 | Gauntlet | a broodmother changed into a slime creature
 19460 | Gauntlet | a slime creature changed into a jorogumo
 19460 | Gauntlet | Noticed a jorogumo (glowing shapeshifter)
 19462 | Gauntlet | a jorogumo changed into a bunyip
 19462 | Gauntlet | Noticed a bunyip (glowing shapeshifter)
 19462 | Gauntlet | a bunyip changed into a boulder beetle
 19462 | Gauntlet | Noticed a boulder beetle (glowing shapeshifter)
 19622 | Gauntlet | Identified the ring "Unecag" {rF+ Str+6}
 19769 | Gauntlet | Killed a quicksilver ooze
 19779 | Gauntlet | Identified the +1 hat of the Yeti {Dex+3}
 19802 | Gauntlet | Identified the +4 trident of Recklessness {spect, rElec
                  | Str+4}
 19802 | Gauntlet | Noticed a minotaur
 19811 | Gauntlet | Killed a minotaur
 19968 | Gauntlet | Got Sif Muna's Papyrus of Molten Injury
 19974 | Gauntlet | Identified the +9 plate armour of Pride {+Blink rF- Will++
                  | Regen+}
 20177 | Lair:2   | Noticed Erica
 20182 | Lair:2   | Killed Erica
 20634 | Lair:3   | Found a hole to the Spider Nest.
 20778 | Lair:3   | Reached XP level 13. HP: 101/101 MP: 23/25
 20840 | Lair:3   | Reached skill level 9 in Invocations
 21489 | Lair:4   | Found a staircase to the Slime Pits.
 21553 | Lair:4   | Reached ***** piety under Cheibriados
 21587 | Lair:4   | Found a frozen archway.
 21628 | IceCv    | Entered an ice cave
 22066 | IceCv    | Reached skill level 10 in Fighting
 22066 | IceCv    | Reached skill level 10 in Short Blades
 22066 | IceCv    | Reached skill level 10 in Throwing
 22456 | Lair:4   | Identified the +7 shortbow of Giun Qen {elec, Str+5 Int+3}
 22673 | Lair:4   | You fall into a shaft and drop 1 floor!
 22673 | Lair:5   | Entered Level 5 of the Lair of Beasts
 22957 | Lair:5   | Reached skill level 10 in Invocations
 22957 | Lair:5   | Reached XP level 14. HP: 105/110 MP: 27/27
 22971 | Lair:5   | Identified the +8 quarterstaff "Jinnih" {antimagic, rF+
                  | rCorr}
 23099 | Lair:5   | Reached ****** piety under Cheibriados
 23338 | Lair:5   | Got Sif Muna's Tome of Weather
 23345 | Lair:5   | Identified the +0 pair of gloves of Duty {Int+4}
 23687 | Lair:5   | Noticed Sonja
 23690 | Lair:5   | Sonja changed into Sonja the water moccasin
 23690 | Lair:5   | Noticed Sonja
 23693 | Lair:5   | Killed Sonja the water moccasin
 24134 | Lair:5   | Reached skill level 10 in Dodging
 24607 | D:11     | Found a staircase to the Orcish Mines.
 24812 | D:12     | Noticed Nessos
 24819 | D:12     | Killed Nessos
 25228 | D:12     | Found a white marble altar of Elyvilon.
 25473 | Orc:1    | Entered Level 1 of the Orcish Mines
 25659 | Orc:2    | Entered Level 2 of the Orcish Mines
 25670 | Orc:2    | Found a staircase to the Elven Halls.
 26546 | Orc:2    | Reached skill level 10 in Long Blades
 26546 | Orc:2    | Reached skill level 10 in Axes
 26546 | Orc:2    | Reached skill level 10 in Maces & Flails
 26546 | Orc:2    | Reached skill level 10 in Polearms
 26546 | Orc:2    | Reached skill level 10 in Staves
 26546 | Orc:2    | Reached skill level 10 in Ranged Weapons
 26546 | Orc:2    | Reached skill level 10 in Armour
 26546 | Orc:2    | Reached skill level 10 in Shields
 26546 | Orc:2    | Reached skill level 10 in Unarmed Combat
 26546 | Orc:2    | Reached skill level 10 in Spellcasting
 26546 | Orc:2    | Reached skill level 10 in Evocations
 26801 | Orc:2    | Reached XP level 15. HP: 93/118 MP: 23/29
 26840 | Orc:2    | Learned a level 2 spell: Lesser Beckoning
 26843 | Orc:2    | Learned a level 2 spell: Blink
 26901 | Orc:2    | Reached skill level 11 in Invocations
 26933 | Orc:2    | Found Meargh's Antique Armour Boutique.
 26933 | Orc:2    | Found Lakk's Weapon Shop.
 26934 | Orc:2    | Found Buxtivou's Distillery.
 26938 | Orc:2    | Found Mumi's Distillery.
 26943 | Orc:2    | Bought the -2 hat of the Alchemist {rElec rPois rF+ rC+ rN+
                  | Will+ rMut rCorr} for 1274 gold pieces
 26943 | Orc:2    | Found the -2 hat of the Alchemist {rElec rPois rF+ rC+ rN+
                  | Will+ rMut rCorr}
 26969 | Orc:2    | Bought a potion of heal wounds for 60 gold pieces
 26969 | Orc:2    | Bought 2 potions of berserk rage for 120 gold pieces
 26970 | Orc:2    | Bought a potion of heal wounds for 50 gold pieces
 26971 | Orc:2    | Bought a potion of might for 48 gold pieces
 28427 | D:14     | Learned a level 4 spell: Olgreb's Toxic Radiance
 28664 | D:14     | Noticed a tengu reaver
 28692 | D:14     | Killed a tengu reaver
 29480 | D:14     | Reached XP level 16. HP: 127/127 MP: 30/30
 29487 | D:14     | Found a gate to the Vaults.
 29551 | D:14     | Noticed Frances
 29565 | D:14     | Killed Frances
 29877 | D:14     | Found a snail-covered altar of Cheibriados.
 29916 | D:15     | Entered Level 15 of the Dungeon
 29928 | D:14     | Reached skill level 12 in Invocations
 30243 | D:15     | Noticed Josephine
 30249 | D:15     | Killed Josephine
 30710 | D:15     | Found a staircase to the Depths.
 31486 | Spider:1 | Entered Level 1 of the Spider Nest
 33753 | Spider:2 | Noticed Nikola
 33769 | Spider:2 | Killed Nikola
 33770 | Spider:2 | Reached XP level 17. HP: 125/135 MP: 32/32
 33832 | Spider:2 | Reached skill level 10 in Conjurations
 33832 | Spider:2 | Reached skill level 10 in Hexes
 33832 | Spider:2 | Reached skill level 10 in Summonings
 33832 | Spider:2 | Reached skill level 10 in Necromancy
 33832 | Spider:2 | Reached skill level 10 in Translocations
 33832 | Spider:2 | Reached skill level 10 in Transmutations
 33832 | Spider:2 | Reached skill level 10 in Fire Magic
 33832 | Spider:2 | Reached skill level 10 in Ice Magic
 33832 | Spider:2 | Reached skill level 10 in Air Magic
 33832 | Spider:2 | Reached skill level 10 in Earth Magic
 33832 | Spider:2 | Reached skill level 10 in Poison Magic
 34137 | Spider:2 | Reached skill level 13 in Invocations
 34142 | Spider:2 | Identified the +7 spear "Yppoomam" {flame, Str+4}
 35340 | Spider:4 | Entered Level 4 of the Spider Nest
 36822 | Spider:4 | Reached XP level 18. HP: 98/143 MP: 10/34
 37933 | Spider:4 | Got a gossamer rune of Zot
 38129 | Swamp:1  | Entered Level 1 of the Swamp
 38149 | Swamp:1  | Learned a level 4 spell: Sticky Flame
 38251 | Swamp:1  | Noticed Kirke
 38258 | Swamp:1  | Killed Kirke
 38301 | Swamp:1  | Learned a level 6 spell: Simulacrum
 39724 | Swamp:3  | Noticed a tentacled monstrosity
 39732 | Swamp:3  | Killed a tentacled monstrosity
 39737 | Swamp:3  | Identified the +0 short sword of Feara {holy, rPois Will-
                  | Dex+6}
 39764 | Swamp:3  | Reached skill level 14 in Invocations
 39795 | Swamp:3  | HP: 3/145 [swamp worm[a spriggan druid] (25)]
 40191 | Swamp:3  | Noticed Bai Suzhen
 40484 | Swamp:3  | Killed Bai Suzhen
 40652 | Swamp:4  | Entered Level 4 of the Swamp
 40669 | Swamp:4  | Reached skill level 15 in Stealth
 41277 | Swamp:4  | Noticed the 27-headed Lernaean hydra
 41279 | Swamp:4  | Killed the 27-headed Lernaean hydra
 41280 | Swamp:4  | Reached XP level 19. HP: 151/151 MP: 14/36
 41508 | Swamp:4  | Got a decaying rune of Zot
 42174 | Elf:1    | Entered Level 1 of the Elven Halls
 42414 | Elf:1    | Found Liadwoy's Armour Shop.
 42480 | Elf:1    | Noticed Jorgrun
 42489 | Elf:1    | Killed Jorgrun
 42931 | Elf:1    | Found Orig's Jewellery Boutique.
 42938 | Elf:1    | Found Jefio's Book Shoppe.
 42939 | Elf:1    | Found Lour's Jewellery Boutique.
 42948 | Elf:1    | Bought an amulet of reflection for 450 gold pieces
 43631 | Elf:1    | Bought the Essays on Viperous Shaping for 572 gold pieces
 43635 | Elf:1    | Learned a level 3 spell: Ignite Poison
 44321 | Elf:2    | Noticed Donald
 44332 | Elf:2    | Killed Donald
 44586 | Elf:2    | Acquired 915 gold pieces
 44588 | Elf:2    | Acquired the Omnibus of Congregated Bodies
 44661 | Elf:2    | Found a runed translucent gate.
 44661 | Elf:2    | Found a runed translucent gate.
 44661 | Elf:2    | Found a runed translucent gate.
 44716 | Elf:2    | Noticed Asterion
 44731 | Elf:2    | Killed Asterion
 44735 | Elf:2    | Found Naot's Needful Niceties.
 44769 | Elf:2    | Acquired the amulet of Freedom {rElec rC- Will+++ Regen+
                  | Dex+4}
 44774 | Elf:2    | Bought a manual of Necromancy for 1040 gold pieces
 44898 | Elf:3    | Entered Level 3 of the Elven Halls
 45130 | Elf:3    | Found Peofuep's Armour Shoppe.
 45165 | Elf:3    | Bought the +0 pair of boots of Durable Leaves {Fly Int+4}
                  | for 374 gold pieces
 45185 | Elf:3    | Reached skill level 15 in Invocations
 45966 | Elf:3    | Reached XP level 20. HP: 160/160 MP: 27/37
 46012 | Elf:3    | Identified the +11 spear of Big Damage {flame, rC++ rN+
                  | Str+3 Int+4}
 46327 | Elf:3    | Identified the +7 scale mail of Paqaocor {rN+}
 46344 | Elf:3    | Identified the +8 dire flail of Fyerod {holy, rF+ rC+ Str+4
                  | Int+2}
 46694 | Elf:3    | Identified the +5 triple sword "Tyfejuh" {holy, rCorr}
 46708 | Elf:3    | HP: 7/161 [hellion/damnation[a deep elf demonologist] (25)]
 46708 | Elf:3    | HP: 1/161 [hellion[a deep elf demonologist] (6)]
 46941 | Elf:3    | Got Turhoule's Information on Vapour
 47378 | Vaults:1 | Entered Level 1 of the Vaults
 48140 | Vaults:1 | Reached skill level 15 in Fighting
 48140 | Vaults:1 | Reached skill level 15 in Short Blades
 48140 | Vaults:1 | Reached skill level 15 in Throwing
 49359 | Vaults:2 | Found a flickering gateway to a bazaar.
 49379 | Bazaar   | Entered a bazaar
 49395 | Bazaar   | Found Ciyvasug's Armour Emporium.
 49396 | Bazaar   | Found Daokoam's Jewellery Emporium.
 49439 | Bazaar   | Found Yxkyef's Distillery.
 49439 | Bazaar   | Found Kazotwon's Antique Weapon Shoppe.
 49447 | Bazaar   | Bought a potion of heal wounds for 75 gold pieces
 49447 | Bazaar   | Bought a potion of heal wounds for 75 gold pieces
 49447 | Bazaar   | Bought a potion of attraction for 45 gold pieces
 49447 | Bazaar   | Bought a potion of curing for 45 gold pieces
 49447 | Bazaar   | Bought a potion of resistance for 150 gold pieces
 49447 | Bazaar   | Bought a potion of curing for 45 gold pieces
 49447 | Bazaar   | Bought a potion of heal wounds for 75 gold pieces
 49603 | Vaults:2 | Found a portal to a secret trove of treasure.
 51019 | D:2      | Bought a potion of curing for 39 gold pieces
 51019 | D:2      | Bought a potion of haste for 130 gold pieces
 51446 | Vaults:2 | You paid a toll of 9 potions of haste to enter a treasure
                  | trove
 51447 | Trove    | Entered a treasure trove
 51469 | Trove    | Identified the ring "Hijont" {rF+ Dex+6}
 51473 | Trove    | Identified the +3 buckler of Xuijua {Int+7}
 51478 | Trove    | Identified the +0 kite shield of Life {+Blink Regen+ Int+3
                  | Stlth+}
 51785 | Vaults:2 | Learned a level 4 spell: Manifold Assault
 51809 | Vaults:2 | Reached XP level 21. HP: 115/168 MP: 37/39
 53171 | Vaults:3 | Reached skill level 16 in Invocations
 53172 | Vaults:3 | Reached skill level 15 in Dodging
 53316 | Vaults:3 | Learned a level 2 spell: Wereblood
 53441 | Vaults:3 | Learned a level 5 spell: Freezing Cloud
 53871 | Vaults:3 | Found a staircase to the Crypt.
 54038 | Vaults:3 | Reached skill level 15 in Long Blades
 54038 | Vaults:3 | Reached skill level 15 in Axes
 54038 | Vaults:3 | Reached skill level 15 in Maces & Flails
 54038 | Vaults:3 | Reached skill level 15 in Polearms
 54038 | Vaults:3 | Reached skill level 15 in Staves
 54038 | Vaults:3 | Reached skill level 15 in Ranged Weapons
 54038 | Vaults:3 | Reached skill level 15 in Armour
 54038 | Vaults:3 | Reached skill level 15 in Shields
 54038 | Vaults:3 | Reached skill level 15 in Unarmed Combat
 54038 | Vaults:3 | Reached skill level 15 in Spellcasting
 54038 | Vaults:3 | Reached skill level 15 in Evocations
 54754 | Vaults:3 | You are sucked into a shaft and drop 1 floor!
 55229 | Vaults:4 | Reached XP level 22. HP: 177/177 MP: 30/41
 55746 | Vaults:4 | Noticed Boris
 55767 | Vaults:4 | Killed Boris
 56739 | Depths:1 | Entered Level 1 of the Depths
 56991 | Depths:1 | You are sucked into a shaft and drop 1 floor!
 57024 | Depths:2 | Found the amulet of Vitality {RegenMP++ Regen++}
 57213 | Depths:2 | Got the Precepts of the Wyrd
 57216 | Depths:2 | Got the Omnibus of the Ten Servitors
 57357 | Depths:2 | Reached skill level 17 in Invocations
 57615 | Depths:2 | Reached skill level 15 in Necromancy
 57686 | Depths:2 | Found a gateway to Hell.
 57762 | Depths:2 | Found Minlanor's General Store.
 57770 | Depths:2 | Bought a potion of curing for 45 gold pieces
 57770 | Depths:2 | Bought a potion of magic for 120 gold pieces
 57770 | Depths:2 | Bought a potion of heal wounds for 75 gold pieces
 57917 | Depths:1 | Found Gunk's Book Boutique.
 57923 | Depths:1 | Learned a level 4 spell: Animate Armour
 58089 | Depths:1 | Reached XP level 23. HP: 169/185 MP: 31/42
 58298 | Depths:1 | Found a one-way gate to the infinite horrors of the Abyss.
 58438 | Depths:1 | Found a one-way gate leading to the halls of Pandemonium.
 58607 | Depths:2 | Identified the +5 short sword of Orie {heavy, rF+ rCorr
                  | Int+4}
 58616 | Depths:2 | Found a one-way gateway to a ziggurat.
 59628 | Depths:3 | Noticed Saint Roka
 59653 | Depths:3 | Killed Saint Roka
 59776 | Depths:3 | Found Tuniem's Distillery.
 59782 | Depths:3 | Bought a potion of curing for 66 gold pieces
 59782 | Depths:3 | Bought a potion of curing for 66 gold pieces
 59789 | Depths:3 | Found Gini's Antique Armour Shop.
 59800 | Depths:3 | Bought a twisted scale mail for 342 gold pieces
 59800 | Depths:3 | Identified the +3 scale mail of Marbles {rCorr} (You bought
                  | it in a shop on level 3 of the Depths)
 59875 | Depths:3 | Found Emalin's Weapon Shoppe.
 59903 | Depths:3 | Noticed Sojobo
 59924 | Depths:3 | Killed Sojobo
 59940 | Depths:3 | Noticed Mara
 59944 | Depths:3 | Noticed ragingrage's illusion
 60003 | Depths:3 | Noticed a golden dragon
 60134 | Depths:3 | Killed a golden dragon
 60609 | Depths:3 | Found Dokhyox's Antique Weapon Boutique.
 60690 | Depths:3 | Noticed ragingrage's illusion
 60700 | Depths:3 | Killed Mara
 60853 | Depths:4 | Entered Level 4 of the Depths
 61044 | Depths:4 | Paralysed by a floating eye for 4 turns
 61767 | Depths:4 | Found a gate to the Realm of Zot.
 62247 | Slime:1  | Entered Level 1 of the Pits of Slime
 62589 | Slime:2  | Reached skill level 18 in Invocations
 62589 | Slime:2  | Reached XP level 24. HP: 195/195 MP: 37/43
 62828 | Slime:3  | Learned a level 7 spell: Haunt
 63212 | Slime:5  | Entered Level 5 of the Pits of Slime
 63919 | Slime:5  | Noticed the Royal Jelly
 63922 | Slime:5  | Found a viscous altar of Jiyva.
 63958 | Slime:5  | Killed the Royal Jelly
 63976 | Slime:5  | Found the +0 staff of Battle
 63998 | Slime:5  | Identified the +9 pearl dragon scales of Lifelessness
                  | {+Blink rElec rN+ Will++ Str-3}
 64015 | Slime:5  | Found the amulet of the Air {Inacc Air Fly rElec RMsl}
 64063 | Slime:5  | Identified the amulet "Yprotita" {Faith rF+ Str+4 SInv}
 64070 | Slime:5  | Got a slimy rune of Zot
 64095 | Slime:5  | Identified the +4 morningstar of Doubt {freeze, MP+9 Int+2
                  | Dex-3 SInv}
 64100 | Slime:5  | Identified the amulet of Nomnazau {Acrobat Rampage rF- rC+
                  | rN+}
 64126 | Slime:5  | Identified the +6 chain mail "Silopnuss" {Harm rPois Int+2}
 64171 | Slime:5  | Identified the +7 hand axe of the Lurker {flame, rPois}
 64536 | Elf:1    | Bought the ring "Getesku" {rC+ rCorr Int+4 SInv} for 903
                  | gold pieces
 65283 | Zot:1    | Entered Level 1 of the Realm of Zot
 66235 | Zot:1    | Noticed an orb of fire
 66242 | Zot:1    | Killed an orb of fire
 66448 | Zot:1    | Learned a level 5 spell: Irradiate
 67187 | Zot:2    | Reached XP level 25. HP: 191/203 MP: 34/44
 67201 | Zot:2    | Learned a level 8 spell: Ignition
 68132 | Zot:3    | Noticed an orb of fire
 68156 | Zot:3    | Killed an orb of fire
 68235 | Zot:3    | Reached skill level 19 in Invocations
 68240 | Zot:3    | Reached skill level 15 in Conjurations
 68240 | Zot:3    | Reached skill level 15 in Hexes
 68240 | Zot:3    | Reached skill level 15 in Summonings
 68240 | Zot:3    | Reached skill level 15 in Translocations
 68240 | Zot:3    | Reached skill level 15 in Transmutations
 68240 | Zot:3    | Reached skill level 15 in Fire Magic
 68240 | Zot:3    | Reached skill level 15 in Ice Magic
 68240 | Zot:3    | Reached skill level 15 in Air Magic
 68240 | Zot:3    | Reached skill level 15 in Earth Magic
 68240 | Zot:3    | Reached skill level 15 in Poison Magic
 68719 | Zot:3    | Noticed a dread lich
 68728 | Zot:3    | Killed a dread lich
 68760 | Zot:3    | Noticed a dread lich
 68767 | Zot:3    | Killed a dread lich
 68769 | Zot:3    | Identified the +3 morningstar "Ihynaew" {flame, *Noise
                  | rElec Will+}
 68774 | Zot:3    | Noticed a dread lich
 68785 | Zot:3    | Killed a dread lich
 68826 | Zot:3    | Noticed a dread lich
 68840 | Zot:3    | Killed a dread lich
 68895 | Zot:3    | Got the Almanac of Leadership and Lithomancy
 69491 | Elf:3    | Learned a level 8 spell: Infestation
 70634 | Zot:4    | Found a transporter.
 70983 | Zot:4    | Found a transporter.
 71131 | Zot:4    | Found a runed translucent door.
 71131 | Zot:4    | Noticed Ythaheof's ghost (legendary NaWr)
 71389 | Zot:4    | Noticed a dread lich
 71412 | Zot:4    | Killed a dread lich
 71439 | Zot:4    | Reached XP level 26. HP: 213/213 MP: 9/44
 71474 | Zot:4    | Noticed an ancient lich
 71484 | Zot:4    | Killed an ancient lich
 71512 | Zot:4    | Noticed an ancient lich
 71530 | Zot:4    | Killed an ancient lich
 71534 | Zot:4    | Gained mutation: Your spells are a little easier to cast,
                  | but a little less powerful. [a cacodemon]
 71584 | Zot:4    | Identified the ring of Duifiwos {rF+ rN+}
 71608 | Zot:4    | Identified the amulet of Utresufi {Reflect rPois Str+4
                  | SH+5}
 71620 | Zot:4    | Lost mutation: Your spells are a little easier to cast, but
                  | a little less powerful. [potion of mutation]
 71620 | Zot:4    | Gained mutation: You have a pair of small horns on your
                  | head. [potion of mutation]
 71620 | Zot:4    | Gained mutation: You are agile. (Dex +4, Str/Int -1)
                  | [potion of mutation]
 71737 | Zot:5    | Entered Level 5 of the Realm of Zot
 72123 | Zot:5    | Noticed a Killer Klown
 72123 | Zot:5    | Noticed an orb of fire
 72131 | Zot:5    | Noticed an ancient lich
 72135 | Zot:5    | Noticed an ancient lich
 72140 | Zot:5    | Killed an orb of fire
 72142 | Zot:5    | Killed an ancient lich
 72148 | Zot:5    | Killed a Killer Klown
 72150 | Zot:5    | Killed an ancient lich
 72485 | Zot:5    | Noticed a dread lich
 72495 | Zot:5    | Killed a dread lich
 72884 | Zot:5    | Noticed a dread lich
 72894 | Zot:5    | Killed a dread lich
 72895 | Zot:5    | Reached skill level 20 in Invocations
 73499 | Zot:5    | Noticed an ancient lich
 73502 | Zot:5    | Noticed an orb of fire
 73503 | Zot:5    | Noticed a Killer Klown
 73504 | Zot:5    | Noticed a Killer Klown
 73505 | Zot:5    | Noticed a Killer Klown
 73508 | Zot:5    | Killed an ancient lich
 73508 | Zot:5    | Killed an orb of fire
 73510 | Zot:5    | Noticed a dread lich
 73517 | Zot:5    | Killed a Killer Klown
 73610 | Zot:5    | Killed a Killer Klown
 73614 | Zot:5    | Reached XP level 27. HP: 212/221 MP: 7/45
 73625 | Zot:5    | Killed a dread lich
 74203 | Zot:5    | Identified the ring of the Sixty-Six People {Fly Slay+4}
 74839 | Vaults:5 | Entered Level 5 of the Vaults
 74868 | Vaults:5 | Noticed an ancient lich
 74873 | Vaults:5 | Killed an ancient lich
 74923 | Vaults:5 | Identified the +4 double sword "Worm's Wrath" {heavy, rF-
                  | Will+ Int+3}
 74930 | Vaults:5 | Noticed an ancient lich
 74941 | Vaults:5 | Killed an ancient lich
 75088 | Vaults:5 | Identified the ring "Xoff" {rF+++ Str+9 Int-5 SInv}
 75215 | Vaults:5 | Got Leotson's Papyrus of Transmigration and the Tundra
 75224 | Vaults:5 | Identified the +6 rapier of Gevadaph {protect, rF+}
 75231 | Vaults:5 | Found the +4 robe of Augmentation {Str+4 Int+4 Dex+4}
 75286 | Vaults:5 | Noticed a dread lich
 75295 | Vaults:5 | Killed a dread lich
 75419 | Vaults:5 | Identified the +3 plate armour "Pyuxkez" {Regen+ rCorr
                  | Slay-2}
 75477 | Vaults:5 | Identified the +4 plate armour of the Eight Boll Weevils
                  | {Regen+ Str+2 Stlth-}
 75489 | Vaults:5 | Identified the ring "Anir" {Will+ rCorr SInv}
 75568 | Vaults:5 | Got a silver rune of Zot
 75750 | Vaults:5 | Identified the +11 rapier "Rodo Ajoba" {elec, Stlth+}
 76219 | Vaults:5 | Identified the +6 scale mail of Jallukhli {rPois}
 76415 | Vaults:5 | Reached skill level 21 in Invocations
 77028 | Orc:2    | Bought a potion of might for 40 gold pieces
 77028 | Orc:2    | Bought a potion of mutation for 80 gold pieces
 77028 | Orc:2    | Bought a potion of invisibility for 80 gold pieces
 77028 | Orc:2    | Bought a potion of mutation for 80 gold pieces
 77028 | Orc:2    | Bought a potion of mutation for 80 gold pieces
 77029 | Orc:2    | Bought a potion of mutation for 96 gold pieces
 77029 | Orc:2    | Bought a potion of invisibility for 96 gold pieces
 77029 | Orc:2    | Bought a potion of might for 48 gold pieces
 77029 | Orc:2    | Bought a potion of attraction for 36 gold pieces
 77029 | Orc:2    | Bought a potion of invisibility for 96 gold pieces
 77348 | Depths:1 | Voluntarily entered the Abyss.
 77396 | Abyss:2  | Found a corrupted altar of Lugonu.
 77399 | Abyss:2  | Found a corrupted altar of Lugonu.
 77804 | Abyss:4  | Found a corrupted altar of Lugonu.
 77904 | Abyss:4  | Got an abyssal rune of Zot
 78141 | Depths:1 | Escaped the Abyss
 78162 | Hell     | Entered the Vestibule of Hell
 78162 | Hell     | Noticed Geryon
 78237 | Hell     | Killed Geryon
 78325 | Hell     | Found a gateway to the ashen valley of Gehenna.
 78427 | Hell     | Found a gateway to the freezing wastes of Cocytus.
 78511 | Hell     | Found a gateway to the Iron City of Dis.
 78791 | Hell     | Found a gateway to the decaying netherworld of Tartarus.
 78800 | Hell     | Learned a level 6 spell: Iron Shot
 78808 | Hell     | Learned a level 7 spell: Spellforged Servitor
 79421 | Geh:1    | Entered Level 1 of Gehenna
 79988 | Geh:3    | You are sucked into a shaft and drop 1 floor!
 80804 | Geh:7    | Entered Level 7 of Gehenna
 81712 | Geh:7    | Noticed the Serpent of Hell
 81728 | Geh:7    | Killed the Serpent of Hell
 82031 | Geh:7    | Identified the +9 war axe of Akacla Jiust {antimagic,
                  | Stlth+}
 82031 | Geh:7    | Identified the amulet of the Hero {Reflect rCorr SH+5}
 82039 | Geh:7    | Reached skill level 22 in Invocations
 82145 | Geh:7    | Found the +7 sceptre of Asmodeus
 82145 | Geh:7    | Noticed Asmodeus
 82152 | Geh:7    | HP: 6/227 [Brimstone Fiend/damnation[Asmodeus] (21)]
 82155 | Geh:7    | Killed from afar by a Brimstone Fiend

Illustrated notes

Levels and vault maps discovered:
D:1:      tarquinn_simple_flora_water_d, layout_basic
D:2:      layout_loops_ring, serial_shops, shop, uniq_sigmund
D:3:      layout_rooms, chequers_ecumenical_altar_simple_redux, uniq_grinder
D:4:      layout_rooms, gammafunk_temple_overflow_statue, uniq_blork_the_orc
D:5:      layout_rooms, lightli_sewer_entry_pipes, serial_co_window_serial,
          co_window_corner_a, co_window_of_opportunity_a, co_window_corner_a,
          co_window_of_opportunity_a, co_window_of_opportunity_a,
          co_window_paths_a, co_window_paths_a, co_window_broadway_c,
          co_window_unsneaky_path_b, co_window_2corner, co_window_corner_b,
          co_window_paths_c, co_window_broadway_a, co_window_corner_b,
          co_window_paths_e
D:6:      layout_basic, lemuel_round_altar, minmay_temple_entry_wispy,
          gammafunk_ghost_gnarly_gnolls
D:7:      layout_cave_pods, worms_lemuel
D:8:      minmay_blocky_corners, layout_loops_cross, kennysheep_generic_room_12,
          uniq_joseph
D:9:      layout_roguey, minmay_radiant, uniq_prince_ribbit1
D:10:     wad_lake_hut, layout_basic, erik_lair_dragon, minmay_misc_feat_square,
          uniq_maggie
D:11:     layout_loops_ring, orc_0_dummy
D:12:     layout_roguey, elyvilon_altar_4, uniq_nessos
D:13:     hangedman_screamer, layout_basic, minivault_20, minmay_crystal_water,
          grunt_ministairs_8, minivault_4
D:14:     nzn_winding_woodlands_three_and_one
          [nzn_winding_woodlands_5x15_garden,
          nzn_winding_woodlands_5x15_sidewinder,
          nzn_winding_woodlands_5x15_river_crossing,
          nzn_winding_woodlands_center_garden], layout_irregular_city,
          grunt_vaults_entry_fortified, lemuel_doored_altar,
          minmay_misc_feat_tower, uniq_frances
D:15:     grunt_enter_depths_magical_seal, layout_basic, minmay_misc_feat_tiny,
          uniq_josephine
Temple:   compressed_dpeg_triangle_lava_temple
Lair:1:   layout_chaotic_city, hangedman_lair_unloving_vines,
          grunt_megastairs_3, uniq_fannar
Lair:2:   layout_gridlike, minmay_swamp_entry_worms, gauntlet_entry_generic,
          uniq_erica
Lair:3:   layout_regular_city, spider_nest_entry_web_field, lemuel_fruit_tree
Lair:4:   layout_hall_layers, slime_entry_1,
          portal_ice_cave_entry_ice_simulacra, serial_bayou_shore_a
Lair:5:   grunt_lair_end_beastmaster, layout_regular_city, st_stairs_3,
          serial_bayou_pond_c, hangedman_lair_generics_rect,
          infiniplex_staircase_pool, uniq_sonja
Swamp:1:  layout_falls_marsh, nicolae_swamp_trees_clearing, uniq_kirke
Swamp:2:  layout_basic_swamp, evilmike_swamp_ruin_house_2
Swamp:3:  layout_falls_marsh, evilmike_swamp_ruin_house_3, swamp_pool4,
          hangedman_swamp_blocks, uniq_bai_suzhen
Swamp:4:  swamp_old_school, layout_basic_swamp
Spider:1: layout_spider_delve
Spider:2: layout_spider_delve, nicolae_spider_bug_shape, uniq_nikola
Spider:3: layout_spider_delve
Spider:4: grunt_spider_rune_circles, guppyfry_spider_mini_2
Slime:1:  layout_caves
Slime:2:  layout_caves
Slime:3:  layout_caves
Slime:4:  layout_caves, cheibrodos_slime_lost_civilization_5
Slime:5
Orc:1:    layout_caves
Orc:2:    st_orc_mages, layout_diamond_mine, basic_altar
Elf:1:    eino_elf_arrival_the_gate, layout_geoelf_octagon, serial_shops, shop,
          minivault_28, minmay_shop_grove, uniq_jorgrun
Elf:2:    elven_hall_of_blades_hangedman_original
          [nicolae_blade_entry_floor_patterns], layout_geoelf_octagon,
          nicolae_alphabet_shops, uniq_donald, uniq_asterion, uniq_agnes
Elf:3:    minmay_elf_hall_not_hex, layout_geoelf_grid, serial_shops,
          nicolae_shop_trees
Vaults:1: nicolae_vaults_asterisk, v_misc_5, st_check, v_misc_16, v_misc_8,
          nicolae_vaults_little_squares_3, v_misc_26, v_misc_32,
          ontoclasm_vaults_gateway, hangedman_vaults_trim,
          layout_vaults_omnigrid
Vaults:2: vaults_dpeg_spiral, vaults_room_grid, ontoclasm_vaults_shuriken,
          vaults_room_door_ring, vaults_room_corners,
          nicolae_vaults_network_periphery, hangedman_vaults_locks,
          ontoclasm_vaults_spin, nicolae_vaults_border_crossing,
          layout_vaults_chaotic_city, enter_trove_3, serial_shops,
          bzr_entry_customers
Vaults:3: v_misc_23, hangedman_vaults_stitches, v_misc_30,
          nicolae_vaults_c_with_doors, ontoclasm_vaults_bender,
          minmay_crypt_entry_simple_box, vaults_standard_mumra_x,
          nicolae_vaults_windows_and_doors_thing, v_misc_4,
          vaults_room_grunt_arrival_ludios, layout_vaults_omnicross
Vaults:4: hangedman_vaults_snaps, hangedman_vaults_pinch, hangedman_vaults_trim,
          grunt_vaults_bifocal, v_misc_26, v_misc_14, vaults_mumra_chevron,
          v_misc_13, ontoclasm_vaults_ring_square, grunt_vaults_trifunnel,
          nicolae_vaults_specimen_jars, v_alt_pattern_4, vaults_mumra_minichess,
          layout_vaults_maze_bifur, uniq_boris
Vaults:5: serial_shops
Depths:1: layout_roguey, hell_entry, chequers_serial_rivers_micro_b,
          abyss_entry, rand_demon_pan_entry_9, serial_shops, shop,
          minmay_fountain_box, hangedman_cracks_in_the_wall
Depths:2: minmay_the_grid_triangle_9x9_recursive_3
          [minmay_the_grid_triangle_9x9_steps,
          minmay_the_grid_triangle_9x9_pentomino_pain,
          minmay_the_grid_triangle_9x9_zippers_horizontal,
          minmay_the_grid_triangle_9x9_prize_insulated,
          minmay_the_grid_triangle_9x9_minimal,
          minmay_the_grid_triangle_9x9_descending_squares,
          minmay_the_grid_triangle_9x9_sparse_checkered,
          minmay_the_grid_triangle_9x9_sprig,
          minmay_the_grid_triangle_9x9_dagger], layout_gridlike,
          enter_ziggurat_f, hell_entry, rand_demon_pan_entry_1,
          serial_bayou_ford_a, serial_shops, shop
Depths:3: kennysheep_spiral_hall, layout_cave_pools, pf_hell_entry_tar_river,
          serial_shops, nicolae_square_shop, nicolae_stop_n_shop_2,
          nicolae_stop_n_shop_2, shop, abyss_entry_small_statue_room,
          serial_sigils_hangedman_gnaw, uniq_saint_roka, uniq_sojobo, uniq_mara
Depths:4: evilmike_zot_entry_argh, layout_cave_pools, grunt_mini_vestibule,
          rand_demon_pan_entry_8, nrook_mini_vaults
Hell
Geh:1:    layout_gehenna_lava_caves
Geh:2:    layout_gehenna_lava_caves
Geh:3:    layout_gehenna_pools_basic, lemuel_flamethrower_3
Geh:4:    layout_gehenna_pools_box
Geh:5:    layout_gehenna_pools_triple
Geh:6:    layout_gehenna_lava_caves
Geh:7:    geh_old
Zot:1:    layout_onion, st_single_dragon_hoard_4, nzn_random_ring
Zot:2:    lemuel_draconian_sentries, layout_misc_corridors, grunt_ministairs_13,
          lemuel_elevator
Zot:3:    hellmonk_paralyzer, layout_gridlike, grunt_ministairs_6
Zot:4:    gammafunk_dig_for_victory, layout_gridlike, ebering_ghost_inner_flame,
          lemuel_elevator
Zot:5:    layout_basic, drop_trap

Skill      XL: |  1  2  3  4  5  6  7  8  9 10 11 12 13 14 15 16 17 18 19 20 21 22 23 24 25 26 27 |
---------------+----------------------------------------------------------------------------------+-----
Invocations    | 2 3 4 5 6 7 8 10 11 12 13 14 15 16 17 18 19 20 22 | 22.0
Long Blades    | 1 2 3 5 6 7 8 9 10 11 12 13 14 15 16 17 18 20 | 20.4
Axes           | 1 2 3 5 6 7 8 9 10 11 12 13 14 15 16 17 18 20 | 20.4
Maces & Flails | 1 2 3 5 6 7 8 9 10 11 12 13 14 15 16 17 18 20 | 20.4
Polearms       | 1 2 3 5 6 7 8 9 10 11 12 13 14 15 16 17 18 20 | 20.4
Staves         | 1 2 3 5 6 7 8 9 10 11 12 13 14 15 16 17 18 20 | 20.4
Ranged Weapons | 1 2 3 5 6 7 8 9 10 11 12 13 14 15 16 17 18 20 | 20.4
Armour         | 1 2 3 5 6 7 8 9 10 11 12 13 14 15 16 17 18 20 | 20.4
Dodging        | 3 4 5 6 7 8 9 10 11 12 13 14 15 16 17 18 20 | 20.5
Stealth        | 8 9 10 11 12 13 14 15 16 17 18 19 21 | 21.5
Shields        | 1 2 3 5 6 7 8 9 10 11 12 13 14 15 16 17 18 20 | 20.4
Unarmed Combat | 1 2 3 5 6 7 8 9 10 11 12 13 14 15 16 17 18 20 | 20.4
Spellcasting   | 1 2 3 5 6 7 8 9 10 11 12 13 14 15 16 17 18 20 | 20.4
Conjurations   | 1 2 3 4 5 6 7 8 9 10 11 12 13 14 15 17 | 17.4
Hexes          | 1 2 3 4 5 6 7 8 9 10 11 12 13 14 15 17 | 17.4
Summonings     | 1 2 3 4 5 6 7 8 9 10 11 12 13 14 15 17 | 17.4
Necromancy     | 1 2 3 4 5 6 7 8 9 10 11 13 14 15 16 17 18 19 21 | 21.4
Translocations | 1 2 3 4 5 6 7 8 9 10 11 12 13 14 15 17 | 17.4
Transmutations | 1 2 3 4 5 6 7 8 9 10 11 12 13 14 15 17 | 17.4
Fire Magic     | 1 2 3 4 5 6 7 8 9 10 11 12 13 14 15 17 | 17.4
Ice Magic      | 1 2 3 4 5 6 7 8 9 10 11 12 13 14 15 17 | 17.4
Air Magic      | 1 2 3 4 5 6 7 8 9 10 11 12 13 14 15 17 | 17.4
Earth Magic    | 1 2 3 4 5 6 7 8 9 10 11 12 13 14 15 17 | 17.4
Poison Magic   | 1 2 3 4 5 6 7 8 9 10 11 12 13 14 15 17 | 17.4
Evocations     | 1 2 3 5 6 7 8 9 10 11 12 13 14 15 16 17 18 20 | 20.4
Fighting       | 5 6 7 8 9 10 11 12 13 14 15 16 17 18 19 20 | 20.8
Short Blades   | 5 6 7 8 9 10 11 12 13 14 15 16 17 18 19 20 | 20.8
Throwing       | 5 6 7 8 9 10 11 12 13 14 15 16 17 18 19 20 | 20.8

Action                   |  1- 3 |  4- 6 |  7- 9 | 10-12 | 13-15 | 16-18 | 19-21 | 22-24 | 25-27 || total
-------------------------+-------+-------+-------+-------+-------+-------+-------+-------+-------++-------
Melee: Dagger            |    30 |       |       |    40 |     1 |       |       |       |       ||    71
       Bite              |    11 |     1 |    51 |    66 |   132 |   155 |   148 |   145 |   125 ||   834
       Mace              |    44 |    22 |   365 |   144 |       |       |       |       |       ||   575
       Unarmed           |     4 |       |    12 |       |       |       |       |       |       ||    16
       Flail             |       |     5 |    56 |    56 |       |       |       |       |       ||   117
       Punch             |       |       |     3 |       |    28 |   103 |     7 |       |       ||   141
       Spear             |       |       |    62 |   100 |       |       |       |       |       ||   162
       Hand axe          |       |       |       |    71 |       |       |       |       |       ||    71
       Trident           |       |       |       |    70 |   850 |   977 |   249 |       |       ||  2146
       Scimitar          |       |       |       |       |     4 |       |       |       |       ||     4
       Eveningstar       |       |       |       |       |       |       |   566 |  1438 |  1349 ||  3353
       Sacred scourge    |       |       |       |       |       |       |       |    34 |   769 ||   803
       Headbutt          |       |       |       |       |       |       |       |       |   146 ||   146
 Fire: Shortbow          |       |       |       |       |    37 |     5 |       |       |       ||    42
Throw: Throwing net      |       |     1 |       |       |       |     1 |       |     1 |       ||     3
       Dart              |       |       |       |     1 |       |     2 |       |       |       ||     3
       Javelin           |       |       |       |       |       |       |       |     4 |     2 ||     6
 Cast: Poisonous Vapours |       |       |    72 |    77 |   154 |   255 |   247 |    78 |       ||   883
       Kiss of Death     |       |       |     4 |     5 |       |       |     1 |       |       ||    10
       Frozen Ramparts   |       |       |     3 |    22 |    16 |     3 |     4 |       |       ||    48
       Mephitic Cloud    |       |       |       |    16 |     3 |     1 |       |       |       ||    20
       Olgreb's Toxic Ra |       |       |       |       |     2 |    38 |    17 |    12 |       ||    69
       Lesser Beckoning  |       |       |       |       |     2 |     1 |       |       |       ||     3
       Simulacrum        |       |       |       |       |       |    36 |     7 |    34 |    28 ||   105
       Ignite Poison     |       |       |       |       |       |       |   110 |    31 |       ||   141
       Manifold Assault  |       |       |       |       |       |       |    13 |   352 |   894 ||  1259
       Freezing Cloud    |       |       |       |       |       |       |     8 |     3 |       ||    11
       Wereblood         |       |       |       |       |       |       |     1 |    32 |    26 ||    59
       Animate Armour    |       |       |       |       |       |       |       |    32 |    17 ||    49
       Haunt             |       |       |       |       |       |       |       |     5 |     9 ||    14
       Irradiate         |       |       |       |       |       |       |       |       |     3 ||     3
       Infestation       |       |       |       |       |       |       |       |       |    34 ||    34
       Ignition          |       |       |       |       |       |       |       |       |     9 ||     9
       Spellforged Servi |       |       |       |       |       |       |       |       |     7 ||     7
Invok: Slouch            |       |       |       |     3 |       |     9 |     7 |     9 |    18 ||    46
       Step From Time    |       |       |       |       |       |     1 |     1 |       |       ||     2
 Abil: Evoke Blink       |       |       |       |       |       |       |       |     1 |       ||     1
Evoke: Wand              |       |       |     2 |     7 |     6 |     6 |       |     2 |     9 ||    32
       Condenser vane    |       |       |       |     1 |     4 |     5 |     6 |     4 |     2 ||    22
       Phial of floods   |       |       |       |       |       |       |     1 |     1 |       ||     2
       Tin of tremorston |       |       |       |       |       |       |     1 |       |     1 ||     2
       Box of beasts     |       |       |       |       |       |       |       |     1 |     2 ||     3
       Phantom mirror    |       |       |       |       |       |       |       |     1 |       ||     1
  Use: Potion            |     3 |       |     7 |     4 |       |     5 |     1 |     1 |     7 ||    28
       Scroll            |       |       |     9 |    12 |     1 |     8 |    13 |     5 |    11 ||    59
 Stab: Sleeping          |    13 |     3 |    11 |     7 |     3 |     2 |    12 |     5 |     7 ||    63
       Distracted        |     1 |     1 |       |     3 |    24 |    28 |     8 |     5 |    21 ||    91
       Held in net/web   |       |     2 |       |       |       |     1 |       |     3 |       ||     6
       Confused          |       |       |       |    11 |     1 |     3 |       |       |       ||    15
       Invisible         |       |       |       |     2 |       |     7 |       |     2 |       ||    11
       Paralysed         |       |       |       |       |     2 |       |       |       |       ||     2
       Petrified         |       |       |       |       |       |       |       |     4 |       ||     4
Armor: Robe              |    21 |     4 |    76 |    10 |       |       |       |       |       ||   111
       Skin              |     3 |       |    20 |       |       |       |       |       |       ||    23
       Swamp dragon scal |       |       |       |   115 |       |       |       |       |       ||   115
       Plate armour      |       |       |       |    13 |   311 |   521 |   218 |   288 |       ||  1351
       Pearl dragon scal |       |       |       |       |       |       |       |    56 |   268 ||   324
Dodge: Dodged            |    33 |    21 |   366 |   310 |   523 |   834 |   402 |   599 |   686 ||  3774
Block: Buckler           |       |       |    86 |   157 |    75 |       |       |       |       ||   318
       Kite shield       |       |       |       |       |       |       |   593 |   669 |   601 ||  1863
       Reflection        |       |       |       |       |       |       |    47 |    14 |       ||    61

Table legend: (Time is in decaauts)
 A = Elapsed time spent in this place.
 B = Non-inter-level travel time spent in this place.
 C = Inter-level travel time spent in this place.
 D = Time resting spent in this place.
 E = Time spent auto-exploring this place.
 F = Levels seen in this place.
 G = Mean time per level.
                   A        B        C        D        E       F      G
               +--------+--------+--------+--------+--------+-----+--------+
         Total | 118474 |  97026 |  21448 |  19036 |  58033 |  70 | 1692.5 |
       Dungeon |  33220 |  24827 |   8393 |   7286 |  13781 |  15 | 2214.7 |
        Temple |     54 |     29 |     25 |      0 |     21 |   1 |   54.0 |
          Lair |   9536 |   8053 |   1483 |   1356 |   4945 |   5 | 1907.2 |
         Swamp |   6129 |   5516 |    613 |    697 |   3647 |   4 | 1532.2 |
   Spider Nest |   9320 |   8063 |   1257 |   2200 |   4510 |   4 | 2330.0 |
    Slime Pits |   2778 |   2565 |    213 |    857 |    957 |   5 |  555.6 |
  Orcish Mines |   3282 |   2270 |   1012 |    147 |   1565 |   2 | 1641.0 |
   Elven Halls |   7494 |   5329 |   2165 |    976 |   3267 |   3 | 2498.0 |
        Vaults |  15073 |  13232 |   1841 |    823 |  10119 |   5 | 3014.6 |
        Depths |   9437 |   7309 |   2128 |    994 |   4630 |   4 | 2359.2 |
          Hell |    981 |    843 |    138 |     70 |    510 |   1 |  981.0 |
       Gehenna |   4031 |   3805 |    226 |    179 |   2758 |   7 |  575.9 |
           Zot |  12707 |  10759 |   1948 |   2202 |   6434 |   5 | 2541.4 |
         Abyss |   1225 |   1225 |      0 |    144 |    138 |   4 |  306.2 |
        Bazaar |    181 |    181 |      0 |      0 |    154 |   1 |  181.0 |
         Trove |     81 |     81 |      0 |      0 |      9 |   1 |   81.0 |
         Sewer |    916 |    916 |      0 |    450 |     33 |   1 |  916.0 |
      Ice Cave |    883 |    883 |      0 |    318 |    237 |   1 |  883.0 |
      Gauntlet |   1138 |   1138 |      0 |    331 |    316 |   1 | 1138.0 |
               +--------+--------+--------+--------+--------+-----+--------+

Top non-repeatable levels by time:
    D:10: 5231 daAuts
    D:11: 4315 daAuts
Vaults:1: 3712 daAuts
   Zot:1: 3625 daAuts
Depths:2: 3583 daAuts
Vaults:2: 3582 daAuts
    D:14: 3337 daAuts
   Elf:3: 3319 daAuts
Spider:4: 3228 daAuts
   Zot:5: 3145 daAuts
   Elf:1: 2930 daAuts
  Lair:1: 2840 daAuts
Vaults:4: 2752 daAuts
Vaults:5: 2734 daAuts
   Zot:4: 2711 daAuts
